Map: Ruins of Seras

Players

DUCK

  • Race: Protoss Protoss

Bop - Winner!

  • Race: Zerg Zerg

VOD

Have the link to the VOD?

Description

Time

  • Played on: May 2, 2015, 2:39 a.m.
  • Length: 7:46
Show
View Real Time Build Order
Export as new Build Order

DUCK Protoss 

Build Orders: Nexus First, Phoenix Opening, Phoenix Opening 

Get SALT Encoding   

  12  0:01  Probe  
  13  0:13  Probe  
  14  0:21  Pylon  
  14  0:39  Probe (Chrono Boost)  
  15  0:49  Probe (Chrono Boost)  
  16  0:56  Nexus  
  16  1:00  Probe  
  17  1:14  Probe (Chrono Boost), Gateway  
  18  1:20  Assimilator  
  18  1:25  Assimilator  
  18  1:27  Probe (Chrono Boost)  
  19  1:37  Probe (Chrono Boost)  
  20  1:46  Pylon  
  20  1:50  Probe (Chrono Boost)  
  21  1:56  Probe (Chrono Boost)  
  22  2:05  Cybernetics Core  
  22  2:07  Probe (Chrono Boost)  
  24  2:17  Probe (Chrono Boost)  
  24  2:20  Probe (Chrono Boost)  
  25  2:25  Forge  
  25  2:28  Probe  
  25  2:29  Probe  
  27  2:41  Probe, Warp Gate  
  27  2:44  Mothership Core  
  30  2:53  Probe  
  30  2:57  Assimilator  
  31  2:59  Assimilator  
  31  3:03  Stargate  
  31  3:04  Pylon  
  31  3:05  Probe (Chrono Boost)  
  33  3:14  Probe (Chrono Boost)  
  33  3:19  Probe (Chrono Boost)  
  34  3:28  Probe (Chrono Boost)  
  34  3:29  Photon Cannon  
  34  3:32  Probe (Chrono Boost), Photon Cannon  
  35  3:37  Sentry  
  37  3:44  Probe (Chrono Boost)  
  37  3:46  Phoenix (Chrono Boost)  
  40  3:48  Probe  
  40  3:53  Probe  
  42  4:00  Probe  
  43  4:04  Phoenix (Chrono Boost)  
  43  4:05  Probe  
  46  4:13  Probe  
  47  4:17  Probe  
  50  4:25  Probe, Phoenix (Chrono Boost)  
  50  4:27  Pylon  
  50  4:29  Probe  
  52  4:34  Pylon  
  52  4:44  Pylon  
  52  4:45  Probe (Chrono Boost)  
  54  4:46  Probe (Chrono Boost)  
  54  4:48  Phoenix (Chrono Boost)  
  54  4:50  Sentry  
  58  4:56  Protoss Air Weapons Level 1 (Chrono Boost)  
  58  4:57  Probe (Chrono Boost)  
  60  5:03  Probe (Chrono Boost)  
  60  5:05  Probe (Chrono Boost)  
  61  5:09  Probe  
  61  5:11  Stargate  
  63  5:14  Probe  
  63  5:19  Gateway  
  63  5:21  Gateway  
  63  5:22  Phoenix (Chrono Boost)  
  65  5:42  Phoenix (Chrono Boost)  
  67  5:44  Stargate  
  69  6:01  Stalker, Phoenix (Chrono Boost)  
  69  6:02  Phoenix (Chrono Boost)  
  73  6:20  Phoenix (Chrono Boost)  
  75  6:40  Phoenix  
  75  6:49  Pylon  
  75  6:51  Pylon  
  75  6:53  Pylon  
  73  7:14  Probe x2  
  75  7:19  Pylon  
  75  7:20  Pylon  
Show
View Real Time Build Order
Export as new Build Order

Bop Zerg - Winner!

Build Orders: Hatch First, Swarm Host 

Get SALT Encoding   

  12  0:01  Drone  
  13  0:13  Overlord  
  13  0:21  Drone  
  14  0:31  Drone x2  
  16  0:36  Drone  
  17  0:54  Hatchery  
  17  0:57  Drone  
  17  1:04  Extractor  
  16  1:13  Spawning Pool  
  16  1:17  Drone  
  16  1:20  Drone  
  16  1:24  Drone  
  18  1:39  Drone  
  20  1:40  Drone  
  20  1:51  Drone  
  21  2:05  Metabolic Boost, Queen  
  23  2:09  Queen  
  23  2:10  Zergling x2  
  26  2:21  Overlord  
  26  2:26  Drone x2  
  28  2:40  Drone x4  
  28  2:44  Lair  
  32  2:48  Overlord  
  32  2:54  Drone x2  
  34  3:06  Drone x2, Queen  
  38  3:16  Drone x4  
  38  3:17  Drone  
  43  3:21  Extractor  
  43  3:23  Overlord  
  42  3:36  Overlord  
  42  3:37  Drone x2  
  42  3:40  Extractor  
  43  3:52  Drone  
  43  3:53  Infestation Pit  
  43  3:58  Drone x3  
  43  3:59  Drone x2  
  43  4:00  Drone x5  
  43  4:02  Extractor  
  52  4:08  Spore Crawler x2  
  49  4:21  Drone  
  49  4:22  Overlord x2  
  52  4:31  Swarm Host  
  52  4:34  Swarm Host x2  
  59  4:41  Swarm Host  
  62  4:50  Swarm Host  
  65  4:54  Queen  
  67  5:03  Overlord x2  
  67  5:17  Overlord  
  67  5:21  Swarm Host x2, Queen  
  75  5:31  Overlord  
  75  5:33  Queen  
  77  5:36  Zergling x6  
  77  5:37  Zergling x8  
  77  5:41  Overlord  
  84  5:50  Overlord  
  84  6:02  Swarm Host x3  
  93  6:12  Overlord  
  93  6:13  Zergling x10  
  93  6:46  Hydralisk Den  
  91  6:52  Queen x2  
  91  6:53  Overlord  
  94  6:58  Overlord  
  91  7:16  Hydralisk  
  91  7:17  Hydralisk x11  
Tags
 
Add a new tag
Caveats
  • Supply blocks, unpowered buildings, or Contaminate may cause inaccurate times.
  • Supply counts are checked every 10 seconds.